 Dungeon Sprint DCSS version 0.30-a0-149-g7f746667c4 (webtiles) character file.

Game seed: 11581996870376320116

231 rocky1 the Slasher (level 5, -1/51 HPs)
             Began as a Minotaur Monk on Sept 27, 2022.
             Was a Priest of Okawaru.
             Slain by a fire bat (2 damage)
             ... in the Dungeon (Sprint VII: "The Pits").
             The game lasted 00:02:43 (451 turns).

rocky1 the Slasher (Minotaur Monk)                   Turns: 451, Time: 00:02:43

Health: -1/51      AC:  2    Str: 15    XL:     5   Next: 72%
Magic:  4/7        EV: 15    Int:  7    God:    Okawaru [***...]
Gold:   0          SH:  0    Dex: 15    Spells: 4/4 levels left

rFire   . . .      SeeInvis .    n - +2 long sword (flame)
rCold   . . .      Faith    .    (no shield)
rNeg    . . .      Spirit   .    b - +0 robe
rPois   .          Reflect  .    (helmet restricted)
rElec   .          Harm     .    (no cloak)
rCorr   .          Rampage  .    (no gloves)
Will    .....      NoTele   +    (no boots)
Stlth   +++.......               (no amulet)
HPRegen 0.17/turn                (no ring)
MPRegen 0.10/turn                (no ring)

@: no status effects
A: horns 2, retaliatory headbutt
a: Renounce Religion, Heroism


You were in the Dungeon.
You worshipped Okawaru.
Okawaru was most pleased with you.
You visited 1 branch

Inventory:

Hand Weapons
 a - a +0 falchion
 m - a +2 falchion of flaming
 n - a +2 long sword of flaming (weapon)
Armour
 b - a +0 robe (worn)
 o - a +3 scale mail
Scrolls
 i - a scroll of blinking
 k - 5 scrolls of amnesia
 l - a scroll of summoning
Potions
 c - a potion of ambrosia
 d - 6 potions of curing
 e - 6 potions of heal wounds
 f - a potion of haste
 g - 4 potions of magic
 h - 3 potions of berserk rage
 j - 2 potions of invisibility


   Skills:
 + Level 6.8 Fighting
 + Level 6.9 Long Blades
 + Level 5.6 Armour
 + Level 6.4 Dodging
 + Level 4.4 Stealth
 + Level 4.5 Invocations


You had 4 spell levels left.
You didn't know any spells.
Your spell library was empty.

Dungeon Overview and Level Annotations

Branches:
Dungeon (1/1)

Altars:
Ashenzari
Cheibriados
Dithmenos
Elyvilon
Fedhas
Gozag
Hepliaklqana
Kikubaaqudgha
Makhleb
Nemelex Xobeh
Okawaru
Qazlal
Ru
Sif Muna
Trog
Uskayaw
Vehumet
Wu Jian
Xom
Yredelemnul
Zin
The Shining One
Jiyva
Lugonu


Innate Abilities, Weirdness & Mutations

You have a pair of horns on your head.
You reflexively headbutt those who attack you in melee.


Message History

Okawaru is honoured by your kill.
Okawaru will now gift you throwing weapons as you gain piety.
Your Fighting skill increases to level 6!
Your Long Blades skill increases to level 6!
Your Armour skill increases to level 4!
Your Dodging skill increases to level 5!
Your Invocations skill increases to level 3!
You have reached level 4!
You feel agile.
There is an open door here.
The floating eye turns its gaze towards you.
You slash the floating eye! You burn the floating eye.
You kill the floating eye!
Okawaru is honoured by your kill.
Your Armour skill increases to level 5!
Your Dodging skill increases to level 6!
Your Stealth skill increases to level 4!
Your Invocations skill increases to level 4!
You have reached level 5!
You slash the sky beast! You burn the sky beast.
You headbutt the sky beast, but do no damage.
The sky beast is severely wounded.
The fire bat bites you but does no damage.
The sky beast completely misses you.
You barely miss the sky beast. You headbutt the sky beast.
The sky beast is severely wounded.
The fire bat bites you.
You are engulfed in flames!
The sky beast hits you. The sky beast shocks you.
The fire bat attacks as you move away! The fire bat bites you.
You are engulfed in flames.
The sky beast attacks as you move away! The sky beast misses you.
The fire bat bites you.
You are engulfed in flames!
* * * LOW HITPOINT WARNING * * *
The fire bat bites you but does no damage.
There is an open door here.
The fire bat attacks as you move away! The fire bat bites you.
* * * LOW HITPOINT WARNING * * *
You are engulfed in flames!
* * * LOW HITPOINT WARNING * * *
The fire bat bites you.
You die...

#'#####'#####.....
#.#.[#.†...##.....
#.#))#####†#####'#
#.#))#...)†##.....
#.#.)#.....##.....
#.#..###†####.....
#.##'#.....##...<.
#.#........##.....
#@#........##.....
#b###########.....
#..hY...# ######
#..#.#..# #.##.# #
#.. .. #.# .## #..
.# #.. ..


You could see a fire bat.

Vanquished Creatures
  A floating eye (D)
  A phantom (D)
  A hound (D)
  A mummy (D)
  A ball python (D)
  A bat zombie (D)
  An endoplasm (D)
  A giant cockroach (D)
  A hobgoblin (D)
  7 jackals (D)
  A kobold (D)
  A bat (D)
18 creatures vanquished.

Notes
Turn   | Place    | Note
-------+----------+-------------------------------------------
     0 | D        | rocky1 the Minotaur Monk began the quest for the Orb.
     0 | D        | Reached XP level 1. HP: 19/19 MP: 0/0
    44 | D        | Found a bloodstained altar of Trog.
    44 | D        | Found a shimmering blue altar of Sif Muna.
    44 | D        | Found a viscous altar of Jiyva.
    44 | D        | Found a hazy altar of Hepliaklqana.
    44 | D        | Found an opulent altar of Gozag.
    45 | D        | Found a glowing golden altar of the Shining One.
    45 | D        | Found a glowing silver altar of Zin.
    45 | D        | Found a basalt altar of Yredelemnul.
    45 | D        | Found a shimmering altar of Xom.
    45 | D        | Found an ornate altar of the Wu Jian Council.
    45 | D        | Found a sacrificial altar of Ru.
    45 | D        | Found a stormy altar of Qazlal.
    45 | D        | Found an iron altar of Okawaru.
    45 | D        | Found a sparkling altar of Nemelex Xobeh.
    45 | D        | Found a burning altar of Makhleb.
    45 | D        | Found a blossoming altar of Fedhas.
    45 | D        | Found a white marble altar of Elyvilon.
    45 | D        | Found a shadowy altar of Dithmenos.
    45 | D        | Found a snail-covered altar of Cheibriados.
    48 | D        | Found a corrupted altar of Lugonu.
    48 | D        | Found a radiant altar of Vehumet.
    49 | D        | Found an ancient bone altar of Kikubaaqudgha.
    49 | D        | Found a hide-covered altar of Uskayaw.
    49 | D        | Found a broken altar of Ashenzari.
    55 | D        | Became a worshipper of Warmaster Okawaru
    55 | D        | Reached * piety under Okawaru
    55 | D        | Reached ** piety under Okawaru
   108 | D        | Reached skill level 1 in Armour
   163 | D        | Reached skill level 1 in Invocations
   163 | D        | Reached XP level 2. HP: 23/27 MP: 1/1
   277 | D        | Noticed a floating eye
   277 | D        | Noticed a sky beast
   291 | D        | Reached skill level 5 in Fighting
   291 | D        | Reached skill level 5 in Long Blades
   291 | D        | Reached XP level 3. HP: 21/36 MP: 3/3
   427 | D        | Noticed a fire bat
   427 | D        | Noticed a phantom
   439 | D        | Killed a phantom
   439 | D        | Reached *** piety under Okawaru
   440 | D        | Reached skill level 5 in Dodging
   440 | D        | Reached XP level 4. HP: 44/44 MP: 3/5
   444 | D        | Killed a floating eye
   445 | D        | Reached skill level 5 in Armour
   445 | D        | Reached XP level 5. HP: 51/51 MP: 3/7
   451 | D        | HP: 1/51 [fire bat (7)]
   451 | D        | Slain by a fire bat

Illustrated notes

Levels and vault maps discovered:
D:        pitsprint [storerooms_1, entrance_room_1, metal_vault_5, armoury_2,
          mini_pit_1, grid_room_1, main_hall_1, silver_pit, the_coven_1,
          the_vestibule_1, steel_vault_3, golden_pit, hallway_of_sentries,
          crystal_vault_2, iron_vault_4, final_vault]

Skill      XL: |  1  2  3  4 |
---------------+-------------+-----
Long Blades    | 4 5 6 |  6.9
Fighting       | 4 5 6 |  6.8
Armour         | 1 3 4 5 |  5.6
Stealth        | 2 3 4 |  4.4
Invocations    | 1 2 3 4 |  4.5
Dodging        | 4 5 6 |  6.4

Action                   |  1- 3 |  4- 6 || total
-------------------------+-------+-------++-------
Melee: Falchion          |    24 |       ||    24
       Long sword        |     7 |     3 ||    10
       Headbutt          |     3 |     2 ||     5
 Stab: Sleeping          |     1 |       ||     1
Armor: Robe              |     5 |     2 ||     7
Dodge: Dodged            |    21 |     2 ||    23

Table legend: (Time is in decaauts)
 A = Elapsed time spent in this place.
 B = Non-inter-level travel time spent in this place.
 C = Inter-level travel time spent in this place.
 D = Time resting spent in this place.
 E = Time spent auto-exploring this place.
 F = Levels seen in this place.
 G = Mean time per level.
                   A        B        C        D        E       F      G
               +--------+--------+--------+--------+--------+-----+--------+
         Total |    453 |    432 |     21 |    219 |      0 |   1 |  453.0 |
       Dungeon |    453 |    432 |     21 |    219 |      0 |   1 |  453.0 |
               +--------+--------+--------+--------+--------+-----+--------+

Top non-repeatable levels by time:
       D: 453 daAuts
